 Dungeon Sprint DCSS version 0.30-a0-779-g7971cf19c3 (webtiles) character file.

Game seed: 3081222857964668690

14154 dialectric the Warrior (level 12, -11/87 HPs)
             Began as a Gargoyle Fighter on Feb 17, 2023.
             Was the Champion of Trog.
             Mangled by a sphinx (12 damage)
             ... in the Dungeon (Sprint II: "The Violet Keep of Menkaure").
             The game lasted 00:10:45 (1791 turns).

dialectric the Warrior (Gargoyle Fighter)           Turns: 1791, Time: 00:10:46

Health: -11/87     AC: 30    Str: 23    XL:     12   Next: 13%
Magic:  12/12      EV: 11    Int:  8    God:    Trog [******]
Gold:   1032       SH:  5    Dex: 15    Spells: 11/11 levels left

rFire   + + .      SeeInvis +    d - +7 mace of the Jolly Visionaries {vamp, rC- Will+ rCorr Str+3}
rCold   x . .      Faith    .    c - +0 buckler
rNeg    + . .      Spirit   .    f - +0 chain mail {rF+}
rPois   ∞          Reflect  .    (no helmet)
rElec   +          Harm     .    l - +2 cloak
rCorr   +          Rampage  .    m - +1 pair of gloves
Will    +....      NoTele   +    (no boots) Stlth
                                 (no amulet)
HPRegen 0.34/turn                t - ring of see invisible
MPRegen 0.13/turn                q - ring of flight

@: resistant, on berserk cooldown, flying, slowed, very slow
A: sickness immunity, AC +8, negative energy resistance 1, electricity
resistance, torment resistance 1, petrification resistance, agile 1,
deterioration 1, frail 1, weak 1, cold vulnerability 1
a: Renounce Religion, Berserk, Trog's Hand, Brothers in Arms


You were in the Dungeon.
You worshipped Trog.
Trog was exalted by your worship.
You visited 1 branch You collected 1750 gold pieces.
You spent 718 gold pieces at shops.

Inventory:

Hand Weapons
 b - the +3 dire flail "Cod Aho" {antimagic, rElec rF- Str+8 Int-4}
   (Trog gifted it to you in the Dungeon)

   Str:       It affects your strength (+8).
   Int:       It affects your intelligence (-4).
   rF:        It makes you vulnerable to fire.
   rElec:     It insulates you from electricity.
 d - the +7 mace of the Jolly Visionaries (weapon) {vamp, rC- Will+ rCorr Str+3}
   (You bought it in a shop in the Dungeon)

   Str:       It affects your strength (+3).
   rC:        It makes you vulnerable to cold.
   rCorr:     It protects you from acid and corrosion.
   Will:      It increases your willpower.
Missiles
 p - 4 poisoned darts (quivered)
Armour
 c - a +0 buckler (worn)
 f - a +0 chain mail of fire resistance (worn)
 l - a +2 cloak (worn)
 m - a +1 pair of gloves (worn)
Jewellery
 q - a ring of flight (right hand)
 t - a ring of see invisible (left hand)
 u - a ring of resist corrosion
Wands
 j - a wand of mindburst (10)
Scrolls
 a - a scroll of magic mapping {unknown}
 i - 3 scrolls of identify
 k - a scroll of enchant armour {unknown}
 n - a scroll of enchant weapon {unknown}
 r - a scroll of amnesia {unknown}
Potions
 e - 6 potions of flight
 g - 2 potions of resistance
 h - 5 potions of magic
 o - a potion of attraction {unknown}


   Skills:
 + Level 20.7 Fighting
 - Level 14.0 Maces & Flails
 - Level 19.1 Armour
 - Level 5.3 Dodging
 - Level 1.5 Stealth
 + Level 5.0 Shields
 + Level 1.6 Unarmed Combat


You had 11 spell levels left.
You didn't know any spells.
Your spell library was empty.

Dungeon Overview and Level Annotations

Branches:
Dungeon (1/1)

Altars:
Cheibriados
Dithmenos
Elyvilon
Fedhas
Gozag
Hepliaklqana
Kikubaaqudgha
Makhleb
Nemelex Xobeh
Okawaru
Qazlal
Ru
Sif Muna
Trog
Uskayaw
Vehumet
Wu Jian
Xom
Yredelemnul
Zin
The Shining One
Jiyva
Lugonu

Shops:
D :(:*!?[=[[!(*(=[?(:

Annotations:
D exclusion: oklob plant, Roxanne


Innate Abilities, Weirdness & Mutations

You are immune to sickness and miasma.
Your stone body is resilient. (AC +8)
You are immune to poison.
You resist negative energy. (rN+)
You are resistant to electric shocks. (rElec)
You are resistant to unholy torment.
You are immune to petrification.
You are agile. (Dex +4, Str/Int -1)
Your body sometimes deteriorates upon taking damage.
You are frail. (-10% HP)
You are weak. (Str -2)
You are vulnerable to cold. (rC-)


Message History

Okay, then.
You hit the sphinx but do no damage.
The sphinx is heavily wounded.
The sphinx hits you but does no damage. x2; The sphinx hits you.
The sphinx hits you! The sphinx barely misses you.
The sphinx hits you but does no damage.
The sphinx mumbles some strange words.
You feel as though you will be slow longer.
You see here 27 gold pieces.
The sphinx hits you! The sphinx barely misses you.
The sphinx hits you but does no damage.
The sphinx mumbles some strange words.
You resist with some effort.
Things that are here:
27 gold pieces; a sphinx corpse The sphinx hits you but does no damage. x3
You see here 27 gold pieces.
You thump the sphinx!
You feel better.
The sphinx is heavily wounded.
The sphinx hits you!
* * * LOW HITPOINT WARNING * * *
The sphinx hits you but does no damage. x5
You closely miss the sphinx.
The sphinx is heavily wounded.
The sphinx casts a spell.
Something smites you!
* * * LOW HITPOINT WARNING * * *
You bump into the stone wall.
You feel less confused. The sphinx hits you!
* * * LOW HITPOINT WARNING * * *
The sphinx hits you.
* * * LOW HITPOINT WARNING * * *
The sphinx hits you but does no damage.
Unknown command.
It was a potion of resistance.
You feel protected.
The sphinx casts a spell.
You resist with some effort. The sphinx hits you!
You die...

#▓▓▓▓▓▓▓'▓▓▓▓+▓
~~~~~~~~..w≈≈≈▓
######§###wXw≈▓
._...#~~~##≈≈≈▓
_._._#§~≈§####▓▓▓▓▓
._._.#~~§§≈##..#$$▓
_._._#~~§§≈§#..#§.▓
._._.#~~§~§§[†.§$H▓
_._._#~~~§≈§#..#@.▓
._._.#~§≈§§§▓..#$$▓
.._..#~≈≈≈▓▓▓▓▓▓▓▓▓
######~≈≈§▓zzz
~~~~~~≈≈§≈▓z..
######≈▓▓▓▓▓▓▓ #▓▓


You could see a sphinx.

Vanquished Creatures
  A sphinx (D)
  Kirke (D)
  A centaur warrior (D)
  An iron elemental (D)
  A death drake (D)
  2 deep trolls (D)
  A merfolk siren (D)
  An elephant (D)
  2 unseen horrors (D)
  A kobold demonologist (D)
  A yaktaur (D)
  3 polar bears (D)
  A hornet (D)
  10 flying skulls (D)
  3 neqoxecs (D)
  4 wyverns (D)
  Menkaure (D)
  4 water moccasins (D)
  A swamp drake (D)
  5 scorpions (D)
  4 lava snakes (D)
49 creatures vanquished.

Vanquished Creatures (collateral kills)
  A crystal guardian (D)
  A yaktaur captain (D)
  A skeletal warrior (D)
  A death drake (D)
  A wyvern (D)
  2 flying skulls (D)
  3 water moccasins (D)
  A swamp drake (D)
11 creatures vanquished.

Vanquished Creatures (others)
  A neqoxec (D)
  A water moccasin (D)
  8 tentacles (D)
10 creatures vanquished.

Grand Total: 70 creatures vanquished

Notes
Turn   | Place    | Note
-------+----------+-------------------------------------------
     0 | D        | dialectric the Gargoyle Fighter began the quest for the
                  | Orb.
     0 | D        | Reached XP level 1. HP: 14/14 MP: 1/1
     8 | D        | Noticed a scorpion
     8 | D        | Noticed a scorpion
     8 | D        | Noticed a scorpion
     8 | D        | Noticed a scorpion
    13 | D        | Killed a scorpion
    14 | D        | Reached skill level 6 in Fighting
    14 | D        | Reached XP level 2. HP: 5/22 MP: 2/2
    14 | D        | Reached XP level 3. HP: 6/27 MP: 3/3
    14 | D        | Reached XP level 4. HP: 7/32 MP: 4/4
    17 | D        | Killed a scorpion
    18 | D        | Reached skill level 7 in Fighting
    18 | D        | Reached skill level 5 in Maces & Flails
    18 | D        | Reached XP level 5. HP: 22/38 MP: 5/5
    25 | D        | Reached skill level 8 in Fighting
    33 | D        | Reached XP level 6. HP: 27/45 MP: 6/6
    34 | D        | Noticed a neqoxec
    34 | D        | Gained mutation: You are vulnerable to cold. (rC-) [a
                  | neqoxec]
    38 | D        | Gained mutation: You are dopey. (Int -2) [a neqoxec]
    40 | D        | Gained mutation: You occasionally lose the ability to read
                  | scrolls when taking damage. [a neqoxec]
    45 | D        | Killed a neqoxec
    46 | D        | Reached skill level 9 in Fighting
    50 | D        | Noticed a wyvern
    50 | D        | Noticed a wyvern
    61 | D        | Killed a wyvern
    62 | D        | Reached skill level 10 in Fighting
    62 | D        | Reached XP level 7. HP: 13/52 MP: 7/7
    65 | D        | Killed a wyvern
    66 | D        | Reached skill level 10 in Maces & Flails
   102 | D        | Reached skill level 10 in Armour
   103 | D        | Found an opulent altar of Gozag.
   103 | D        | Found an iron altar of Okawaru.
   117 | D        | Found Omurgh's Jewellery Shop.
   117 | D        | Found Deyffeeh's General Store.
   117 | D        | Found Plog's Antique Weapon Shop.
   117 | D        | Found Eqaidaifeq's Antique Armour Boutique.
   117 | D        | Found Uhuj's Jewellery Shop.
   117 | D        | Found Ymolaehe's Distillery.
   117 | D        | Found Voczy's Antique Armour Boutique.
   118 | D        | Found Feahewn's Magic Scroll Boutique.
   118 | D        | Found Reoptyxtei's Distillery.
   118 | D        | Found Keuwiura's Assorted Antiques.
   119 | D        | Found Gafowoe's Book Shop.
   119 | D        | Found Wuagrust's Weapon Boutique.
   119 | D        | Noticed a yak
   120 | D        | Found Qeadwix's Antique Weapon Boutique.
   120 | D        | Found Pewaceoc's Armour Shop.
   120 | D        | Noticed a yak
   121 | D        | Noticed a yak
   121 | D        | Noticed an oklob plant
   122 | D        | Found Diag's Book Shoppe.
   122 | D        | Noticed a death yak
   126 | D        | Bought a scorched mace for 200 gold pieces
   126 | D        | Identified the +7 mace of the Jolly Visionaries {vamp, rC-
                  | Will+ rCorr Str+3} (You bought it in a shop in the Dungeon)
   153 | D        | Noticed a neqoxec
   156 | D        | Bought a scroll of fear for 40 gold pieces
   159 | D        | Bought a pair of polished boots for 190 gold pieces
   159 | D        | Identified the +1 pair of boots "Ukuss" {rN++ Regen+ Int+2
                  | Slay-3} (You bought it in a shop in the Dungeon)
   160 | D        | Bought a potion of berserk rage for 50 gold pieces
   213 | D        | Gained mutation: Armour fits poorly on your strangely
                  | shaped body. [a neqoxec]
   227 | D        | Reached XP level 8. HP: 59/59 MP: 8/8
   236 | D        | Reached skill level 11 in Fighting
   314 | D        | Noticed a wyvern
   314 | D        | Noticed a wyvern
   330 | D        | Noticed Roxanne
   345 | D        | Noticed a merfolk siren
   350 | D        | Killed a merfolk siren
   351 | D        | Reached skill level 1 in Dodging
   355 | D        | Noticed a flying skull
   355 | D        | Noticed a flying skull
   355 | D        | Noticed a flying skull
   355 | D        | Noticed a flying skull
   356 | D        | Noticed a flying skull
   356 | D        | Noticed a flying skull
   356 | D        | Noticed a flying skull
   356 | D        | Noticed a flying skull
   356 | D        | Noticed a flying skull
   356 | D        | Noticed a flying skull
   360 | D        | Noticed a flying skull
   360 | D        | Noticed a flying skull
   371 | D        | Found a sparkling altar of Nemelex Xobeh.
   371 | D        | Found a blossoming altar of Fedhas.
   372 | D        | Found a radiant altar of Vehumet.
   372 | D        | Found a burning altar of Makhleb.
   372 | D        | Found a white marble altar of Elyvilon.
   373 | D        | Found a hide-covered altar of Uskayaw.
   373 | D        | Found a corrupted altar of Lugonu.
   373 | D        | Found a shadowy altar of Dithmenos.
   374 | D        | Found a glowing silver altar of Zin.
   374 | D        | Found a bloodstained altar of Trog.
   374 | D        | Found an ancient bone altar of Kikubaaqudgha.
   375 | D        | Found a basalt altar of Yredelemnul.
   375 | D        | Found a shimmering blue altar of Sif Muna.
   375 | D        | Found a viscous altar of Jiyva.
   376 | D        | Found a shimmering altar of Xom.
   376 | D        | Found a sacrificial altar of Ru.
   377 | D        | Found a glowing golden altar of the Shining One.
   377 | D        | Found an ornate altar of the Wu Jian Council.
   377 | D        | Found a stormy altar of Qazlal.
   377 | D        | Found a snail-covered altar of Cheibriados.
   377 | D        | Found a hazy altar of Hepliaklqana.
   377 | D        | Noticed a hornet
   377 | D        | Noticed a polar bear
   377 | D        | Noticed a polar bear
   377 | D        | Noticed a polar bear
   380 | D        | Noticed a yaktaur
   380 | D        | Gained mutation: Your body sometimes deteriorates upon
                  | taking damage. [a neqoxec]
   386 | D        | Became a worshipper of Trog the Wrathful
   389 | D        | Gained mutation: You are frail. (-10% HP) [a neqoxec]
   401 | D        | Killed a yaktaur
   402 | D        | Reached XP level 9. HP: 58/58 MP: 9/9
   403 | D        | Killed a hornet
   403 | D        | Reached * piety under Trog
   455 | D        | Killed a polar bear
   456 | D        | Reached skill level 12 in Fighting
   462 | D        | Killed a polar bear
   467 | D        | Killed a polar bear
   467 | D        | Reached ** piety under Trog
   468 | D        | Reached skill level 1 in Stealth
   572 | D        | Noticed a death drake
   605 | D        | Killed a death drake
   606 | D        | Reached skill level 13 in Fighting
   606 | D        | Reached skill level 5 in Dodging
   671 | D        | Noticed Menkaure
   685 | D        | Killed Menkaure
   685 | D        | Reached *** piety under Trog
   686 | D        | Reached XP level 10. HP: 65/65 MP: 10/10
   693 | D        | Noticed a kraken
   848 | D        | Noticed a sixfirhy
   856 | D        | Reached **** piety under Trog
   950 | D        | Reached skill level 14 in Fighting
   967 | D        | Reached ***** piety under Trog
   978 | D        | Reached skill level 15 in Fighting
   979 | D        | Noticed a kobold demonologist
   983 | D        | Noticed an unseen horror
   986 | D        | Noticed a centaur warrior
   989 | D        | Noticed an elephant
   992 | D        | Noticed a yaktaur captain
   994 | D        | Noticed a skeletal warrior
   995 | D        | Bought a potion of mutation for 88 gold pieces
   996 | D        | Lost mutation: Armour fits poorly on your strangely shaped
                  | body. [potion of mutation]
   996 | D        | Lost mutation: You are dopey. (Int -2) [potion of mutation]
   996 | D        | Gained mutation: Your spells are a little harder to cast,
                  | but a little more powerful. [potion of mutation]
   996 | D        | Gained mutation: You sometimes lose the ability to read
                  | scrolls when taking damage. [potion of mutation]
   998 | D        | Lost mutation: Your spells are a little harder to cast, but
                  | a little more powerful. [potion of mutation]
   998 | D        | Lost mutation: You sometimes lose the ability to read
                  | scrolls when taking damage. [potion of mutation]
   998 | D        | Lost mutation: You occasionally lose the ability to read
                  | scrolls when taking damage. [potion of mutation]
   998 | D        | Gained mutation: You are weak. (Str -2) [potion of
                  | mutation]
   998 | D        | Gained mutation: You are agile. (Dex +4, Str/Int -1)
                  | [potion of mutation]
  1000 | D        | Noticed an unseen horror
  1006 | D        | Killed a kobold demonologist
  1007 | D        | Reached skill level 15 in Armour
  1012 | D        | Killed a centaur warrior
  1015 | D        | Killed a yaktaur captain
  1015 | D        | Noticed Kirke
  1016 | D        | Reached skill level 16 in Fighting
  1016 | D        | Killed a skeletal warrior
  1017 | D        | Reached XP level 11. HP: 61/75 MP: 11/11
  1021 | D        | Reached skill level 17 in Fighting
  1024 | D        | Identified the +3 dire flail "Cod Aho" {antimagic, rElec
                  | rF- Str+8 Int-4} (Trog gifted it to you in the Dungeon)
  1024 | D        | Received a gift from Trog
  1030 | D        | Noticed a sphinx
  1044 | D        | Reached ****** piety under Trog
  1058 | D        | Killed Kirke
  1059 | D        | Reached skill level 18 in Fighting
  1079 | D        | Bought an embroidered cloak for 150 gold pieces
  1126 | D        | Received a gift from Trog
  1158 | D        | Noticed a storm dragon
  1160 | D        | Found Amaf's Book Boutique.
  1160 | D        | Found Itulen's Weapon Shop.
  1160 | D        | Found Oczo's Magic Scroll Emporium.
  1160 | D        | Found Jitaampo's Antique Armour Boutique.
  1160 | D        | Noticed a golden dragon
  1195 | D        | Noticed an iron elemental
  1229 | D        | Noticed a crystal guardian
  1230 | D        | Killed an iron elemental
  1230 | D        | Noticed a death drake
  1236 | D        | Killed a death drake
  1237 | D        | Killed a crystal guardian
  1238 | D        | Reached skill level 19 in Fighting
  1238 | D        | Reached skill level 1 in Unarmed Combat
  1249 | D        | Noticed a deep elf master archer
  1264 | D        | Received a gift from Trog
  1612 | D        | Noticed a deep troll
  1612 | D        | Noticed a deep troll
  1617 | D        | Killed a deep troll
  1634 | D        | Killed a deep troll
  1635 | D        | Reached skill level 20 in Fighting
  1635 | D        | Reached XP level 12. HP: 39/86 MP: 12/12
  1762 | D        | Noticed a sphinx
  1762 | D        | Noticed a sphinx
  1770 | D        | Killed a sphinx
  1771 | D        | Reached skill level 5 in Shields
  1790 | D        | HP: 1/87 [sphinx (5)]
  1791 | D        | Mangled by a sphinx

Illustrated notes

Levels and vault maps discovered:
D:        the_violet_keep_of_menkaure [sprint2_stairs_cluster_1,
          sprint2_shoproom, sprint2_temple, sprint2_basic_supplies,
          sprint2_obstacle_6, sprint2_obstacle_5, sprint2_obstacle_1,
          sprint2_obstacle_3, sprint2_obstacle_2, sprint2_timed_cluster_1,
          sprint2_smallroom_cluster_1, sprint2_smallroom_final_cluster_1,
          sprint2_transparent_cluster_1, sprint2_second_timed_cluster_1,
          sprint2_sniper_area_1, sprint2_heavy_combat_area_1,
          sprint2_mutation_trap_area_1, sprint2_forest_area_1,
          sprint2_light_combat_area_1, sprint2_behind_water_1,
          sprint2_near_end_vault_1]

Skill      XL: |  1  2  3  4  5  6  7  8  9 10 11 12 |
---------------+-------------------------------------+-----
Fighting       | 6 7 8 10 11 13 16 20 | 20.7
Maces & Flails | 4 5 7 9 11 13 14 | 14.0
Armour         | 6 8 9 10 11 13 16 19 | 19.1
Dodging        | 1 5 |  5.3
Stealth        | 1 |  1.5
Unarmed Combat | 1 |  1.6
Shields        | 4 5 |  5.0

Action                     |  1- 3 |  4- 6 |  7- 9 | 10-12 || total
---------------------------+-------+-------+-------+-------++-------
  Melee: Flail             |     4 |    36 |    16 |       ||    56
         Mace              |       |       |    94 |   176 ||   270
         Punch             |       |       |     2 |     1 ||     3
         Unarmed           |       |       |       |     3 ||     3
 Invoke: Berserk           |       |       |     1 |     6 ||     7
         Brothers in Arms  |       |       |       |     2 ||     2
         Trog's Hand       |       |       |       |     1 ||     1
    Use: Potion            |     1 |     3 |     1 |     7 ||    12
         Scroll            |       |       |     1 |     3 ||     4
 Armour: Scale mail        |     1 |    18 |    56 |       ||    75
         Chain mail        |       |       |       |   175 ||   175
  Dodge: Dodged            |     1 |    14 |    44 |    90 ||   149
  Block: Buckler           |       |       |       |    15 ||    15

Table legend: (Time is in decaauts)
 A = Elapsed time spent in this place.
 B = Non-inter-level travel time spent in this place.
 C = Inter-level travel time spent in this place.
 D = Time resting spent in this place.
 E = Time spent auto-exploring this place.
 F = Levels seen in this place.
 G = Mean time per level.
                   A        B        C        D        E       F      G
               +--------+--------+--------+--------+--------+-----+--------+
         Total |   1827 |   1827 |      0 |    537 |    274 |   1 | 1827.0 |
       Dungeon |   1827 |   1827 |      0 |    537 |    274 |   1 | 1827.0 |
               +--------+--------+--------+--------+--------+-----+--------+

Top non-repeatable levels by time:
       D: 1827 daAuts
